 Dungeon Crawl Stone Soup version 0.27-a0-109-g416527ed24 (webtiles) character file.

Game seed: 6616801388909771951

2475 timneilson the Protected (level 9, -5/82 HPs)
             Began as a Gargoyle Fighter on Jan 24, 2021.
             Killed from afar by Maggie (14 damage)
             ... with a bolt of acid
             ... on level 6 of the Dungeon.
             The game lasted 00:10:41 (6180 turns).

timneilson the Protected (Gargoyle Fighter)         Turns: 6180, Time: 00:10:42

Health: -5/82      AC: 20    Str: 23    XL:     9   Next: 51%
Magic:  9/9        EV:  2    Int:  9    God:
Gold:   271        SH:  0    Dex:  9    Spells: 8/8 levels left

rFire    . . .     SeeInvis .   a - +1 long sword
rCold    . . .     Faith    .   c - +1 kite shield
rNeg     + + +     Spirit   .   (armour currently unavailable)
rPois    ∞         Reflect  .   (helmet currently unavailable)
rElec    .         Harm     .   (cloak currently unavailable)
rCorr    .         Rampage  .   (gloves currently unavailable)
Will     .....     NoTele   +   (boots currently unavailable)
Stlth    +.........             (no amulet)
HPRegen  0.23/turn              (no ring)
MPRegen  0.11/turn              (no ring)

@: confused, tree-form, corroded
A: negative energy resistance 1, petrification resistance, miasma immunity, AC
+6
a: no special abilities


You were on level 6 of the Dungeon.
You were a tree.
You visited 1 branch of the dungeon, and saw 6 of its levels.
You also visited: Ossuary.

You collected 271 gold pieces.

Inventory:

Hand Weapons
 a - a +1 long sword (weapon)
Armour
 c - a +1 kite shield (worn)
 j - a +0 pair of boots (melded)
 l - a +0 chain mail (melded)
 o - a +0 tower shield
 s - a +1 helmet (melded)
Wands
 d - a wand of iceblast (9)
 t - a wand of enslavement (9)
Scrolls
 b - a scroll of magic mapping
 f - 2 scrolls of remove curse
 g - 2 scrolls of teleportation
 m - 2 scrolls of immolation
 n - a scroll of amnesia
 p - 2 scrolls of fog
 q - 2 scrolls of identify
 r - a scroll of enchant armour
Potions
 e - 2 potions of brilliance


   Skills:
 + Level 6.3 Fighting
 * Level 6.3 Long Blades
 * Level 8.0 Armour
 * Level 8.0 Shields


You had 8 spell levels left.
You didn't know any spells.
Your spell library was empty.

Dungeon Overview and Level Annotations

Branches:
Dungeon (6/15)            Ossuary (visited)
 Temple: D:4-7

Altars:
Dithmenos
Gozag
Makhleb
Ru
Trog
Yredelemnul

Annotations:
D:6 Maggie


Innate Abilities, Weirdness & Mutations

You are resistant to torment.
((Your stone body is resilient. (AC +6)))
You are immune to poison.
You resist negative energy. (rN+)
((You are resistant to electric shocks. (rElec)))
((You can survive without breathing.))
You are immune to petrification.
You are immune to miasma.


Message History

Your roots penetrate the ground.
The centaur hits you but does no damage.
Maggie zaps a wand.
The bolt of acid hits you.
* * * LOW HITPOINT WARNING * * *
You are splashed with acid!
* * * LOW HITPOINT WARNING * * *
The centaur hits you but does no damage.
You cannot move. (Use ctrl+direction or * direction to attack without moving.) Unknown command.
You cannot move. (Use ctrl+direction or * direction to attack without moving.)
You cannot move. (Use ctrl+direction or * direction to attack without moving.)
You cannot move. (Use ctrl+direction or * direction to attack without moving.)
You cannot move. (Use ctrl+direction or * direction to attack without moving.)
You cannot move. (Use ctrl+direction or * direction to attack without moving.)
You cannot move. (Use ctrl+direction or * direction to attack without moving.)
You cannot move. (Use ctrl+direction or * direction to attack without moving.)
You hit Maggie.
Maggie is heavily wounded.
The centaur barely misses you.
Maggie zaps a wand.
The bolt of acid hits you!
You die...

#...............#
#........########
#..#.###.# #....#
#.# #(.### #.#
#..#####.#
######.(......#
.......(#######
#######♣#
#....c@# #!......
..........
##..###..## #..
...# #. .... #
...#


You could see Maggie and a centaur.

Vanquished Creatures
  A troll (D:5)
  Grinder (D:3)
  An ice beast (D:5)
  A sky beast (D:5)
  A necrophage (D:5)
  A phantom (D:5)
  4 ogres
  3 elf zombies (Ossuary)
  A howler monkey (D:3)
  2 centaur zombies (Ossuary)
  2 hounds (D:5)
  2 human zombies (Ossuary)
  A jelly (D:5)
  An orc priest (D:3)
  Ijyb (D:4)
  A gnoll shaman (D:4)
  2 iguanas
  11 orc wizards
  5 worker ants
  A big kobold zombie (Ossuary)
  2 mummies (Ossuary)
  A worker ant zombie (D:5)
  7 gnolls (D:4)
  7 adders
  A shadow imp (D:6)
  An ufetubus (D:5)
  An adder zombie (Ossuary)
  An adder skeleton (D:4)
  4 worms
  2 dart slugs (D:1)
  3 leopard geckos
  33 orcs
  10 bats
  2 giant cockroaches
  7 goblins
  7 hobgoblins
  7 jackals
  5 kobolds
  3 quokkas
  2 ball pythons
  A frilled lizard (D:4)
  9 hobgoblin zombies (Ossuary)
  A jackal skeleton (D:4)
  A jackal zombie (Ossuary)
  7 kobold zombies (Ossuary)
  10 orc zombies (Ossuary)
  4 rats
  A rat zombie (Ossuary)
183 creatures vanquished.

Vanquished Creatures (others)
  An orc (D:3)
1 creature vanquished.

Grand Total: 184 creatures vanquished

Notes
Turn   | Place    | Note
-------+----------+-------------------------------------------
     0 | D:1      | timneilson the Gargoyle Fighter began the quest for the
                  | Orb.
     0 | D:1      | Reached XP level 1. HP: 14/14 MP: 1/1
    93 | D:1      | Reached XP level 2. HP: 18/19 MP: 2/2
   309 | D:1      | Reached XP level 3. HP: 23/23 MP: 3/3
  1076 | D:2      | Reached XP level 4. HP: 20/29 MP: 4/4
  1092 | D:2      | Found an opulent altar of Gozag.
  1366 | D:2      | Found a burning altar of Makhleb.
  1590 | D:3      | Found a bloodstained altar of Trog.
  1592 | D:3      | Found a shadowy altar of Dithmenos.
  1908 | D:3      | Reached XP level 5. HP: 23/33 MP: 5/5
  2107 | D:3      | Reached XP level 6. HP: 19/38 MP: 6/6
  2778 | D:4      | Reached skill level 5 in Armour
  2944 | D:4      | Reached skill level 5 in Shields
  2945 | D:4      | Noticed Grinder
  2948 | D:4      | Paralysed by Grinder for 7 turns
  2973 | D:3      | Reached XP level 7. HP: 30/44 MP: 7/7
  3101 | D:3      | Paralysed by Grinder for 2 turns
  3129 | D:3      | Killed Grinder
  3663 | D:4      | Noticed Ijyb
  3702 | D:4      | Paralysed by Ijyb for 6 turns
  3726 | D:4      | Killed Ijyb
  3733 | D:4      | Reached XP level 8. HP: 14/48 MP: 8/8
  3962 | D:4      | Reached skill level 5 in Fighting
  4261 | D:5      | Entered Level 5 of the Dungeon
  4261 | D:5      | Found a basalt altar of Yredelemnul.
  4373 | D:5      | Reached skill level 5 in Long Blades
  4514 | D:5      | Found a sand-covered staircase.
  4518 | Ossuary  | Entered an ossuary
  4918 | Ossuary  | Reached XP level 9. HP: 37/55 MP: 9/9
  5158 | D:5      | Found a sacrificial altar of Ru.
  5438 | D:5      | Noticed a troll
  5460 | D:5      | Killed a troll
  6165 | D:6      | Noticed Maggie
  6180 | D:6      | Killed from afar by Maggie

Illustrated notes

Levels and vault maps discovered:
D:1:      minmay_arrival_arboretum_small, layout_basic,
          chequers_serial_rivers_small_a, serial_park_tiny_2
D:2:      layout_rooms, lemuel_coloured_pillars_altar, old_standard_altar
D:3:      layout_loops_cross, grunt_temple_overflow_open
D:4:      minmay_opposing_rooms, layout_loops_cross, uniq_grinder, uniq_ijyb
D:5:      layout_basic, overflow_temple_1_default,
          nicolae_ru_sacrificial_ziggurat, enter_ossuary_5
D:6:      layout_loops_corners, serial_shops, shop_fountains, uniq_maggie

Skill      XL: |  1  2  3  4  5  6  7  8  9 |
---------------+----------------------------+-----
Long Blades    | 2 3 4 5 6 |  6.3
Armour         | 4 5 6 7 8 |  8.0
Shields        | 4 5 7 8 |  8.0
Fighting       | 4 5 6 |  6.3

Action                   |  1- 3 |  4- 6 |  7- 9 || total
-------------------------+-------+-------+-------++-------
Melee: Long sword        |   115 |   207 |   589 ||   911
  Use: Scroll            |     3 |     3 |    10 ||    16
       Potion            |     2 |     1 |    11 ||    14
 Stab: Invisible         |       |     5 |       ||     5
Armor: Scale mail        |    91 |   104 |   279 ||   474
       Chain mail        |       |       |    29 ||    29
       Skin              |       |       |     2 ||     2
Dodge: Dodged            |    53 |    66 |   156 ||   275
Block: Kite shield       |    95 |   111 |   391 ||   597
       Rpst.: Long sword |    15 |    24 |    38 ||    77

Table legend: (Time is in decaauts)
 A = Elapsed time spent in this place.
 B = Non-inter-level travel time spent in this place.
 C = Inter-level travel time spent in this place.
 D = Time resting spent in this place.
 E = Time spent auto-exploring this place.
 F = Levels seen in this place.
 G = Mean time per level.
                   A        B        C        D        E       F      G
               +--------+--------+--------+--------+--------+-----+--------+
         Total |   6401 |   6172 |    229 |    229 |   4088 |   7 |  914.4 |
       Dungeon |   5822 |   5593 |    229 |     83 |   3932 |   6 |  970.3 |
       Ossuary |    579 |    579 |      0 |    146 |    156 |   1 |  579.0 |
               +--------+--------+--------+--------+--------+-----+--------+

Top non-repeatable levels by time:
     D:3: 1655 daAuts
     D:4: 1260 daAuts
     D:5: 1101 daAuts
     D:1: 877 daAuts
     D:2: 760 daAuts
 Ossuary: 579 daAuts
     D:6: 166 daAuts
